Map: New Gettysburg LE

Players

Nickos

  • Race: Terran Terran
  • League: Gold

Wallop - Winner!

  • Race: Zerg Zerg

VOD

Have the link to the VOD?

Description

Time

  • Played on: Sept. 25, 2016, 12:10 a.m.
  • Length: 15:13
Show
View Real Time Build Order
Export as new Build Order

Nickos Terran 

Build Orders:  

Get SALT Encoding   

  12  0:01  SCV  
  13  0:13  SCV  
  14  0:20  Supply Depot  
  14  0:25  SCV  
  15  0:41  SCV  
  15  0:42  Barracks  
  16  0:53  SCV  
  17  1:05  SCV  
  18  1:17  SCV  
  19  1:23  Command Center  
  19  1:31  Orbital Command  
  19  1:33  Marine  
  20  1:47  Barracks  
  20  1:51  Marine  
  21  2:00  SCV  
  22  2:03  Supply Depot  
  22  2:13  SCV  
  23  2:24  Marine  
  23  2:25  SCV  
  23  2:26  Refinery  
  23  2:27  Barracks  
  25  2:35  Marine  
  25  2:36  Bunker  
  26  2:37  SCV  
  26  2:39  Refinery  
  27  2:50  Orbital Command  
  27  2:51  SCV  
  27  2:52  Marine  
  27  2:53  Marine  
  29  3:10  Marine  
  30  3:13  SCV  
  30  3:17  Barracks Tech Lab  
  30  3:18  Supply Depot, Barracks Reactor  
  31  3:25  SCV x2  
  33  3:37  Supply Depot, SCV x2  
  33  3:38  Stimpack  
  35  3:45  Supply Depot  
  35  3:47  Barracks Reactor  
  35  3:49  Marine  
  35  3:52  SCV x2  
  38  4:01  Supply Depot  
  38  4:04  SCV  
  38  4:06  Factory, Marine x2  
  38  4:08  SCV  
  42  4:13  Marauder  
  42  4:16  SCV  
  45  4:20  SCV  
  46  4:25  Bunker  
  46  4:28  Marine x2, SCV  
  46  4:29  Marine  
  50  4:32  SCV  
  50  4:33  Marine  
  50  4:34  Marine  
  53  4:40  SCV  
  53  4:44  Supply Depot, SCV  
  55  4:49  Factory Reactor  
  55  4:51  Starport  
  55  4:53  SCV  
  55  4:54  Marine x3  
  55  4:55  Marine  
  55  4:56  SCV, Marine  
  62  5:02  Supply Depot  
  62  5:05  SCV  
  63  5:08  SCV  
  63  5:09  Engineering Bay  
  63  5:13  Engineering Bay  
  64  5:17  SCV  
  64  5:20  Marine  
  64  5:21  Marine x2  
  67  5:25  Supply Depot  
  67  5:26  SCV  
  69  5:29  SCV  
  70  5:36  Marine x2  
  70  5:38  Terran Infantry Weapons Level 1  
  70  5:39  Terran Infantry Armor Level 1  
  70  5:41  SCV  
  70  5:42  SCV  
  74  5:44  Supply Depot  
  74  5:48  Missile Turret  
  74  5:50  Marine  
  74  5:51  Marine x2  
  74  5:54  SCV x2  
  74  5:56  Medivac  
  81  5:57  Medivac  
  81  6:04  Marine x2  
  83  6:08  Missile Turret  
  83  6:10  Armory  
  85  6:11  SCV x2  
  87  6:23  SCV x2  
  89  6:26  Missile Turret  
  89  6:28  Missile Turret, Marine x3  
  89  6:29  Medivac  
  89  6:30  Marine x2  
  96  6:35  SCV  
  98  6:40  SCV  
  98  6:42  Liberator  
  98  6:45  Marine  
  98  6:47  SCV  
  98  6:48  Marine x2  
  98  6:51  Command Center  
  98  6:52  SCV  
  102  6:55  Refinery  
  102  6:57  Refinery  
  102  6:58  Marine x2  
  102  7:00  SCV  
  108  7:04  SCV  
  108  7:05  Marine  
  110  7:13  Supply Depot  
  110  7:16  Missile Turret  
  110  7:26  Marine  
  110  7:34  SCV x2, Marine x4  
  116  7:42  Liberator x2  
  116  7:43  Marine  
  116  7:44  Supply Depot  
  117  7:46  SCV  
  118  7:54  Barracks  
  118  7:55  Barracks x2  
  118  7:56  Barracks  
  118  7:57  Supply Depot  
  118  7:59  SCV, Marine  
  118  8:01  Supply Depot  
  118  8:02  SCV, Marine x2  
  129  8:08  Supply Depot  
  109  8:36  Marine x3  
  109  8:37  Marauder, Marine  
  115  8:54  Liberator x2  
  103  8:59  Marine, Marauder  
  103  9:00  Marine x4  
  103  9:01  Barracks Reactor  
  103  9:02  Barracks Tech Lab x2  
  100  9:12  Terran Infantry Weapons Level 2  
  106  9:17  Marine x2  
  106  9:18  Marine x3  
  106  9:20  Marauder  
  106  9:23  Marine x2  
  115  9:27  Supply Depot  
  115  9:28  Refinery  
  115  9:32  Missile Turret  
  115  9:33  Refinery, SCV x2  
  117  9:38  SCV  
  117  9:39  Missile Turret  
  117  9:41  Missile Turret  
  117  9:42  Missile Turret, Marauder  
  117  9:43  Missile Turret  
  117  9:44  Missile Turret  
  117  9:45  SCV x2  
  122  9:46  Missile Turret  
  122  9:52  Supply Depot  
  122  9:54  Medivac  
  122  9:56  Marine  
  122  9:57  Marine x5  
  122  9:58  Marine x2  
  132  10:04  Missile Turret  
  130  10:14  Marine x2  
  130  10:15  Marine x3  
  130  10:19  Liberator x2  
  113  10:22  Marine x3  
  113  10:23  Marine x2  
  114  10:32  Marine x2, SCV x3  
  114  10:33  Marine x3  
  119  10:37  Terran Infantry Armor Level 2  
  119  10:40  Marine x4  
  129  10:47  Marine  
  130  10:50  Marine  
  130  10:55  Marine x4  
  135  10:59  Marine x2, Marauder  
  135  11:00  Barracks Reactor  
  135  11:02  Liberator  
  135  11:03  SCV  
  140  11:06  Marauder  
  140  11:09  Marine  
  143  11:12  Marine  
  143  11:13  Marine  
  143  11:14  Marauder  
  143  11:16  Combat Shields  
  143  11:18  Concussive Shells  
  147  11:19  Marine  
  147  11:20  Marauder, Marine  
  147  11:22  Command Center  
  154  11:27  Marauder  
  156  11:34  Marine x4  
  156  11:35  Marauder  
  156  11:37  Marine x2  
  156  11:38  Marine x2  
  166  11:40  SCV  
  166  11:42  Marauder  
  171  11:47  SCV  
  171  11:48  Marine  
  171  11:49  Orbital Command  
  171  11:52  Marine x3  
  174  11:57  Marine  
  174  11:58  Marine  
  174  11:59  Supply Depot  
  176  12:03  SCV  
  176  12:04  Marauder  
  176  12:08  Marauder  
  181  12:12  Marine x4  
  163  12:20  Liberator  
  163  12:21  Marine  
  163  12:22  Marine x4  
  130  12:25  Marine  
  130  12:29  Marine  
  129  12:30  Marine x4  
  133  12:39  Marine  
  133  12:40  Marine x4  
  133  12:42  Medivac  
  143  12:48  Marine x2  
  143  12:49  Marauder x2  
  149  12:52  Marine x2  
  149  12:58  Marine x3  
  151  12:59  Marine, Marauder  
  151  13:04  SCV x3  
  160  13:05  Marine  
  160  13:06  Marine  
  160  13:10  Marine x4  
  166  13:16  SCV  
  166  13:17  Orbital Command  
  166  13:18  Starport  
  167  13:22  Fusion Core  
  124  13:49  Marine x3  
  124  13:50  Marine x3  
  124  13:51  Liberator  
  124  13:52  Liberator  
  101  13:58  Marine x3  
  101  13:59  Marauder  
  101  14:00  SCV x4  
  111  14:18  Marine x4  
  111  14:19  Marine x4  
  111  14:22  Marine x2  
  111  14:23  Marauder  
  117  14:36  Marine  
  107  14:38  Marine  
  107  14:39  Marine x4  
  107  14:40  Marauder x2  
  107  14:44  Marauder  
  102  14:46  Marine x2  
  86  14:53  Marine  
Show
View Real Time Build Order
Export as new Build Order

Wallop Zerg - Winner!

Build Orders: Hatch First, Lurkers 

Get SALT Encoding   

  12  0:00  Drone  
  13  0:08  Drone  
  14  0:18  Overlord  
  14  0:25  Extractor  
  14  0:26  Drone  
  15  0:36  Drone x2  
  17  0:56  Hatchery  
  16  1:01  Drone  
  17  1:04  Drone, Extractor  
  17  1:17  Spawning Pool  
  16  1:20  Drone  
  16  1:23  Drone  
  18  1:28  Drone  
  19  1:37  Overlord  
  19  1:53  Drone  
  20  2:07  Queen  
  20  2:08  Queen  
  22  2:09  Zergling x4  
  22  2:14  Drone  
  27  2:17  Metabolic Boost  
  27  2:26  Drone  
  27  2:27  Drone  
  29  2:43  Drone x3  
  32  2:44  Drone  
  33  2:52  Queen  
  33  2:55  Pneumatized Carapace  
  35  3:04  Extractor  
  34  3:08  Overlord  
  34  3:18  Drone x2  
  36  3:30  Baneling Nest  
  33  3:40  Drone x5  
  33  3:41  Drone x2, Overlord  
  40  3:53  Evolution Chamber  
  39  3:57  Evolution Chamber  
  39  3:58  Queen  
  39  4:00  Overlord  
  40  4:07  Drone x4  
  44  4:11  Lair  
  44  4:25  Zerg Melee Weapons Level 1, Zerg Ground Armor Level 1  
  44  4:32  Zergling x6  
  44  4:33  Zergling x6  
  44  4:36  Drone x2  
  52  4:42  Spore Crawler  
  51  4:46  Spore Crawler  
  50  5:04  Drone x5  
  50  5:05  Drone  
  50  5:06  Queen  
  58  5:07  Overlord x2  
  52  5:32  Roach Warren  
  51  5:41  Queen, Drone x4, Extractor x2  
  55  5:43  Zergling x4  
  55  5:44  Zergling x4  
  55  5:45  Zergling x2  
  55  5:47  Zergling x2, Hatchery  
  55  5:48  Zergling x2  
  61  5:50  Zergling x2  
  62  6:19  Baneling x7  
  62  6:20  Baneling  
  62  6:21  Centrifical Hooks  
  62  6:25  Spore Crawler  
  61  6:29  Spore Crawler  
  60  6:39  Zerg Melee Weapons Level 2, Zerg Ground Armor Level 2  
  60  7:02  Drone x8  
  60  7:03  Drone x4  
  60  7:07  Glial Reconstitution  
  72  7:12  Hydralisk Den  
  71  7:18  Zergling x4  
  71  7:19  Zergling x8  
  79  7:44  Roach x2  
  79  7:45  Overlord x4  
  79  7:46  Overlord x2  
  79  7:48  Muscular Augments  
  81  8:04  Spore Crawler  
  80  8:08  Spore Crawler, Drone x6  
  80  8:09  Spore Crawler  
  80  8:11  Extractor  
  80  8:12  Extractor  
  78  8:38  Drone x3  
  78  8:39  Drone x5  
  78  8:40  Drone  
  87  8:55  Zerg Missile Weapons Level 1  
  85  9:04  Roach x4  
  85  9:05  Roach x6  
  105  9:11  Lurker Den  
  105  9:13  Overlord  
  105  9:14  Overlord x2  
  105  9:27  Baneling x3  
  105  9:28  Baneling x8  
  105  9:29  Baneling x4  
  109  9:38  Roach x3  
  109  9:39  Roach x2, Hydralisk x6  
  109  9:40  Hydralisk x4  
  109  9:41  Overlord x2  
  109  9:42  Overlord  
  135  9:59  Hydralisk x3  
  135  10:02  Ravager x2  
  135  10:03  Ravager x3  
  122  10:31  Hydralisk x6  
  122  10:32  Hydralisk x3  
  140  10:44  Roach  
  140  10:45  Roach x2  
  141  11:08  Hatchery  
  140  11:17  Zergling x12  
  140  11:18  Zergling x16  
  151  11:19  Zergling x2  
  155  11:31  Zerg Missile Weapons Level 2  
  155  11:37  Infestation Pit  
  154  11:43  Baneling x2  
  154  11:44  Baneling x7  
  154  11:45  Baneling x7  
  154  11:46  Baneling x5  
  154  11:51  Lurker x2  
  154  11:52  Lurker  
  154  11:53  Lurker  
  143  12:27  Zergling x4  
  143  12:28  Zergling x16  
  143  12:29  Zergling x4, Roach  
  157  12:30  Roach x5, Infestor  
  163  12:50  Hive  
  163  12:56  Baneling x3  
  163  12:57  Baneling x7  
  163  12:58  Baneling x7  
  163  12:59  Baneling x7  
  163  13:00  Overlord x3  
  163  13:01  Overlord x2  
  163  13:04  Drone  
  163  13:05  Drone x3  
  167  13:20  Drone x4  
  167  13:21  Drone x3  
  167  13:25  Extractor  
  167  13:26  Drone x4  
  177  13:30  Extractor  
  140  13:59  Roach x2  
  140  14:00  Roach x8  
  140  14:01  Roach x3  
  140  14:02  Zergling x14  
  171  14:03  Zergling x8  
  175  14:20  Zergling x6  
  175  14:21  Zergling x2  
Tags
 
Composition
Lurkers
League
Gold
Matchup
TvZ
Replay Pack
Nickos replay
Add a new tag
Caveats
  • Supply blocks, unpowered buildings, or Contaminate may cause inaccurate times.
  • Supply counts are checked every 10 seconds.